 Dungeon Crawl Stone Soup version 0.32-a0-732-ga344392067 (webtiles) character file.

Game seed: 8937280684280853792

187573 inmateoo the Severer (level 17, -4/184 HPs)
             Began as a Mountain Dwarf Fighter on Mar 17, 2024.
             Was the Champion of Okawaru.
             Killed from afar by a hellephant (65 damage)
             ... with a blast of flame
             ... on level 2 of the Abyss.
             The game lasted 00:35:29 (23804 turns).

inmateoo the Severer (Mountain Dwarf Fighter)      Turns: 23804, Time: 00:35:30

Health: -4/184     AC: 25    Str: 24    XL:     17   Next: 88%
Magic:  27/27      EV: 14    Int:  9    God:    Okawaru [******]
Gold:   456        SH: 12    Dex: 13    Spells: 16/16 levels left

rFire   . . .        Q - +6 broad axe (freeze)
rCold   . . .        o - +0 kite shield {rF+}
rNeg    + + +        F - +1 plate armour {Will+}
rPois   +            H - +2 helmet of Idealism {rC+ rCorr Int+2}
rElec   +            W - scarf of Hopscotch {repulsion, rElec rPois rN+++ Int-3}
rCorr   +            N - +0 pair of gloves
SInv    +            d - +1 pair of boots {Stlth+}
Will    ++...        h - amulet of regeneration Stlth
                     I - +5 ring of evasion
HPRegen 1.30/turn    P - ring "Dyla" {Fly rC+ Dex+2 SInv}
MPRegen 0.20/turn

%: random rage (3%), repel missiles
@: berserking (expiring), flying, studying Armour, very quick
A: runic magic, artefact enchanting, berserk 1, [frail 2], [cold vulnerability
2], [heat vulnerability 1]
a: Renounce Religion, Heroism, Finesse, Duel


You were on level 2 of the Abyss.
You worshipped Okawaru.
Okawaru was exalted by your worship.
You visited 5 branches of the dungeon, and saw 25 of its levels.
You visited the Abyss 1 time.
You visited 1 bazaar.
You also visited: Ossuary and Volcano.

You collected 2420 gold pieces.
You spent 1964 gold pieces at shops.

Inventory:

Hand Weapons
 Q - a +6 broad axe of freezing (weapon)
Armour
 d - a +1 pair of boots of stealth (worn)
 o - a +0 kite shield of fire resistance (worn)
 F - a +1 plate armour of willpower (worn)
 H - the +2 helmet of Idealism (worn) {rC+ rCorr Int+2}
   (You found it on level 9 of the Dungeon)

   Int+2:     It affects your intelligence (+2).
   rC+:       It protects you from cold.
   rCorr:     It protects you from acid and corrosion.
 N - a +0 pair of gloves (worn)
 W - the scarf of Hopscotch (worn) {repulsion, rElec rPois rN+++ Int-3}
   (Okawaru gifted it to you on level 5 of the Lair of Beasts)

   Int-3:     It affects your intelligence (-3).
   rElec:     It insulates you from electricity.
   rPois:     It protects you from poison.
   rN+++:     It renders you almost immune to negative energy.
Jewellery
 g - a ring of flight
 h - an amulet of regeneration (around neck)
 j - a ring of resist corrosion
 I - a +5 ring of evasion (left hand)
 P - the ring "Dyla" (right hand) {Fly rC+ Dex+2 SInv}
   (You found it on level 11 of the Dungeon)

   [ring of flight]

   Dex+2:     It affects your dexterity (+2).
   rC+:       It protects you from cold.
   SInv:      It lets you see invisible.
   Fly:       It grants you flight.
 U - a ring of protection from cold
Wands
 l - a wand of mindburst (7)
 q - a wand of paralysis (29)
 w - a wand of flame (69)
 y - a wand of polymorph (14)
 L - a wand of roots (11)
Scrolls
 a - 3 scrolls of vulnerability
 b - a scroll of torment
 e - 5 scrolls of enchant armour
 p - 3 scrolls of silence
 u - 7 scrolls of teleportation
 x - 7 scrolls of fog
 J - a scroll of revelation
 K - 6 scrolls of poison
 S - 9 scrolls of identify
Potions
 c - 2 potions of mutation
 f - 16 potions of curing
 i - 2 potions of haste
 k - a potion of lignification
 m - a potion of cancellation
 n - a potion of berserk rage
 r - 3 potions of might
 s - 2 potions of attraction
 t - 2 potions of invisibility
 v - 4 potions of heal wounds
 z - 2 potions of brilliance
 A - 5 potions of enlightenment
 C - 3 potions of ambrosia
 G - 3 potions of magic
 O - 2 potions of resistance
Miscellaneous
 B - a phial of floods


   Skills:
 + Level 14.9 Fighting
 * Level 20.3 Axes
 + Level 14.2 Armour
 + Level 8.9 Dodging
 + Level 13.1 Shields
 + Level 14.2 Invocations


You had 16 spell levels left.
You didn't know any spells.
Your spell library contained the following spells:

 Spells                   Type           Power      Damage    Failure   Level
 Magic Dart               Conj           0%         1d3       73%         1
 Slow                     Hex            0%         N/A       73%         1
 Blink                    Tloc           0%         N/A       86%         2
 Cigotuvi's Dreadful Rot  Necr/Alch/Air  0%         N/A       86%         2
 Mercury Vapours          Alch/Air       0%         N/A       86%         2
 Confusing Touch          Hex            0%         N/A       97%         3
 Hailstorm                Conj/Ice       0%         3d5       97%         3
 Mephitic Cloud           Conj/Alch/Air  0%         N/A       97%         3
 Vampiric Draining        Necr           0%         2d6       97%         3
 Dispel Undead            Necr           0%         3d6       100%        4
 Vhi's Electric Charge    Tloc/Air       0%         N/A       100%        4
 Freezing Cloud           Conj/Ice/Air   0%         6-21      100%        5
 Conjure Ball Lightning   Conj/Air       0%         3x3d6     100%        6
 Permafrost Eruption      Ice/Erth       0%         2x4d2     100%        6
 Summon Small Mammal      Summ           Unusable   N/A       N/A         1
 Call Imp                 Summ           Unusable   N/A       N/A         2
 Call Canine Familiar     Summ           Unusable   N/A       N/A         3
 Summon Ice Beast         Ice/Summ       Unusable   N/A       N/A         3
 Martyr's Knell           Necr/Summ      Unusable   N/A       N/A         4
 Summon Blazeheart Golem  Fire/Summ      Unusable   N/A       N/A         4
 Summon Lightning Spire   Summ/Air       Unusable   N/A       N/A         4
 Sculpt Simulacrum        Ice/Alch       Unusable   N/A       N/A         6

Dungeon Overview and Level Annotations

Branches:
Dungeon (15/15)            Temple (1/1) D:4            Lair (5/5) D:9
  Swamp (0/4) Lair:2       Spider (0/4) Lair:2        Slime (0/5) Lair:4
    Orc (2/2) D:12            Elf (2/3) Orc:2        Vaults (0/5) D:13
Ossuary (visited)         Volcano (visited)
 Depths: D:15

Altars:
Ashenzari
Cheibriados
Dithmenos
Elyvilon
Fedhas
Gozag
Hepliaklqana
Kikubaaqudgha
Makhleb
Nemelex Xobeh
Okawaru
Qazlal
Ru
Sif Muna
Trog
Uskayaw
Vehumet
Wu Jian
Xom
Yredelemnul
Zin
The Shining One
Beogh
Jiyva

Shops:
D:8 :   D:11 [[:*   Orc:2 (([(   Elf:1 (   Elf:2 (:[

Portals:
Trove: D:10 (give +6 fire dragon scales)

Annotations:
D:12 2 transporters, t4s4d4r's ghost, journeyman CoFi
D:13 exclusion: obsidian statue
Lair:4 1 runed translucent door


Innate Abilities, Weirdness & Mutations

Your spellcasting is much less encumbered by armour.
You can use scrolls of enchantment on lesser artefacts.
You sometimes lose your temper in combat.
[You are very frail. (-20% HP)]
[You are very vulnerable to cold. (rC--)]
[You are vulnerable to heat. (rF-)]


Message History

You miss the sixfirhy. The smoke demon gestures at you.
The ball of steam is repelled.
You slice the wretched star!! You freeze the wretched star.
You destroy the wretched star!
Okawaru accepts your kill.
You miss the sixfirhy.
You are engulfed in a cloud of scalding steam.
You feel the corruption within you wane somewhat.
You feel less vulnerable to heat.
You miss the sixfirhy.
The sixfirhy is heavily wounded.
You block the sixfirhy's attack.
You slice the sixfirhy!! You freeze the sixfirhy.
You kill the sixfirhy!
Okawaru accepts your kill.
You swing at nothing.
You feel a strong urge to attack something.
You are engulfed in a cloud of scalding steam.
The smoke demon gestures at you. The ball of steam hits you!
You block the hellephant's attack. x3
You slash the hellephant! You freeze the hellephant!
The hellephant is lightly wounded.
You are engulfed in a cloud of scalding steam.
You slash the hellephant! You freeze the hellephant!
The hellephant is moderately wounded.
You are engulfed in a cloud of scalding steam.
The smoke demon gestures at you. Something smites you!
The hellephant tramples you but does no damage.
The hellephant bites you but does no damage.
The hellephant gores you.
You barely miss the hellephant.
The hellephant is moderately wounded.
You are engulfed in a cloud of scalding steam.
You closely miss the hellephant.
The hellephant is moderately wounded.
The hellephant breathes flames at you. The blast of flame hits you!!!
You die...

## #.... . #...#
#. #. . ##..## .
.. # . .##...###
.# ...#.#.##.##
.#.# # #
...##...§§§#§§.#
. # # .
##.....§@§# .....
..###.....#Y3...#
... ....
.......#.##.>.#
.. .......#....#.
.## .. .
..###.##.#...# .#
# # #.######...
## ## .# #. .. #
. # #.. #. ..# ..
##


You could see a hellephant (catching breath) and a smoke demon.

Vanquished Creatures
  Saint Roka (Orc:2)
  A bone dragon (Abyss:2)
  A lich (Abyss:2)
  Louise (D:15)
  5 deep elf elementalists (Elf:1)
  An orc warlord (Elf:2)
  Nessos (D:14)
  A deep elf death mage (Elf:1)
  A fire dragon (Volcano)
  2 vault guards (D:13)
  Fannar (Lair:3)
  A hydra (Lair:5)
  An ogre mage (D:15)
  2 centaur warriors
  An ironbound frostheart (D:13)
  3 boulder beetles
  2 catoblepae
  2 death knights
  7 dancing weapons
  18 death yaks
  4 two-headed ogres
  4 tengu warriors (D:14)
  5 orc high priests
  A deep troll shaman (Lair:5)
  6 deep elf knights (Elf:1)
  Urug (Lair:4)
  Sonja (Lair:5)
  9 skeletal warriors
  2 skysharks (Lair:4)
  2 wretched stars (Abyss:2)
  2 sixfirhies (Abyss:2)
  A large abomination (Abyss:2)
  4 deep elf archers
  An orb spider (Lair:2)
  4 lindwurms
  A bog body (Lair:2)
  12 deep elf zephyrmancers
  9 deep elf pyromancers (Elf:1)
  5 orc knights
  Maurice (D:11)
  An ugly thing (D:12)
  3 orc sorcerers
  2 cyclopes
  A manticore (D:11)
  10 kobold blastminers
  An ice statue (D:11)
  5 smoke demons
  6 black mambas
  Joseph (D:8)
  15 elephants (Lair:5)
  A torpor snail (Lair:4)
  A rust devil (Abyss:2)
  An orange demon (Abyss:2)
  Jeremiah (D:6)
  13 cane toads
  2 unseen horrors (D:11)
  2 rime drakes (Lair:5)
  An ancient zyme (Abyss:2)
  12 komodo dragons
  4 freezing wraiths
  2 tengu conjurers
  A harpy zombie (Abyss:2)
  A guardian mummy (D:10)
  8 trolls
  17 blink frogs
  7 dream sheep (Lair:5)
  11 slime creatures
  A shadow (D:12)
  2 air elementals
  2 wyverns
  4 wraiths
  48 yaks
  Eustachio (D:6)
  A fire elemental (Elf:1)
  4 basilisks
  A basilisk (shapeshifter) (D:14)
  3 humans (D:13)
  4 wargs
  A neqoxec (Abyss:2)
  4 steam dragons (Volcano)
  4 vampire mosquitoes (D:12)
  Menkaure (D:5)
  2 chaos spawn (Abyss:2)
  A swamp worm (Lair:2)
  4 acid dragons
  15 water moccasins
  A hell hound (Volcano)
  37 orc warriors
  3 sky beasts
  3 black bears
  16 wolves
  2 laughing skulls (D:13)
  10 ogres
  8 centaurs
  2 elf zombies (Ossuary)
  2 weeping skulls (Abyss:2)
  18 bullfrogs
  A gnoll sergeant (D:8)
  An earth elemental (Elf:1)
  3 scorpions
  3 small abominations (Abyss:2)
  6 killer bees
  5 electric eels
  9 howler monkeys
  A crimson imp (Abyss:2)
  3 bombardier beetles
  A human zombie (Ossuary)
  34 orc priests
  Crazy Yiuf (D:2)
  A hound (D:5)
  2 iron imps (Abyss:2)
  A sleepcap (D:6)
  Jessica (D:3)
  An iguana (D:6)
  22 orc wizards
  6 hound zombies (Ossuary)
  2 mummies (Ossuary)
  5 gnolls (D:8)
  4 adders
  A white imp (Abyss:2)
  6 ufetubi
  4 adder zombies (Ossuary)
  2 dart slugs
  98 orcs
  2 bats
  5 endoplasms
  6 giant cockroaches
  8 gnoll zombies (Ossuary)
  6 goblins
  A hobgoblin (D:1)
  7 kobolds
  5 quokkas
  3 ball pythons
  6 frilled lizards
  7 jackal zombies (Ossuary)
  6 kobold zombies (Ossuary)
  2 orc zombies (Ossuary)
  7 rats
758 creatures vanquished.

Vanquished Creatures (others)
  A deep elf knight (Elf:1)
  A deep elf archer (Elf:1)
  A deep elf pyromancer (Elf:1)
  An unseen horror (Abyss:2)
4 creatures vanquished.

Grand Total: 762 creatures vanquished

Notes
Turn   | Place    | Note
-------+----------+-------------------------------------------
     0 | D:1      | inmateoo the Mountain Dwarf Fighter began the quest for the
                  | Orb.
     0 | D:1      | Reached XP level 1. HP: 19/19 MP: 1/1
   128 | D:1      | Reached XP level 2. HP: 22/26 MP: 2/2
   255 | D:1      | Reached skill level 3 in Axes
   381 | D:1      | Reached XP level 3. HP: 31/31 MP: 3/3
   705 | D:2      | Found a faded altar of an unknown god.
  1085 | D:2      | Found a runed translucent door.
  1086 | D:2      | Noticed Crazy Yiuf
  1377 | D:2      | Killed Crazy Yiuf
  1378 | D:2      | Reached skill level 1 in Dodging
  1378 | D:2      | Reached XP level 4. HP: 17/40 MP: 4/4
  1588 | D:3      | Found a shimmering altar of Xom.
  1781 | D:3      | Noticed Jessica
  1787 | D:3      | Killed Jessica
  1788 | D:3      | Reached skill level 4 in Axes
  1887 | D:3      | Reached XP level 5. HP: 40/46 MP: 5/5
  2455 | D:4      | Found a sand-covered staircase.
  2466 | Ossuary  | Entered an ossuary
  2507 | Ossuary  | Reached XP level 6. HP: 48/52 MP: 6/6
  2538 | Ossuary  | Reached skill level 5 in Axes
  2689 | Ossuary  | Reached XP level 7. HP: 59/60 MP: 7/7
  3103 | D:4      | Reached skill level 6 in Axes
  3186 | D:4      | Found a staircase to the Ecumenical Temple.
  3203 | Temple   | Entered the Ecumenical Temple
  3223 | Temple   | Became a worshipper of Warmaster Okawaru
  3800 | D:5      | Entered Level 5 of the Dungeon
  3864 | D:5      | Reached skill level 5 in Fighting
  3864 | D:5      | Reached skill level 5 in Armour
  3864 | D:5      | Reached skill level 1 in Invocations
  3875 | D:5      | Reached skill level 5 in Shields
  3912 | D:5      | Identified the +5 flail "Suraam" {elec, rPois rN+ Str+2
                  | Dex-4}
  4011 | D:5      | Identified the +2 helmet of Gozag's Wrath {rN++ Int-5}
  4035 | D:5      | Reached XP level 8. HP: 68/68 MP: 9/9
  4261 | D:5      | Noticed Menkaure
  4266 | D:5      | Killed Menkaure
  4266 | D:5      | Reached * piety under Okawaru
  4267 | D:5      | Reached skill level 7 in Axes
  4768 | D:6      | Noticed Jeremiah
  4799 | D:6      | Killed Jeremiah
  4873 | D:6      | Reached skill level 8 in Axes
  4910 | D:6      | Reached ** piety under Okawaru
  4944 | D:6      | Reached XP level 9. HP: 75/75 MP: 11/11
  5009 | D:6      | Noticed Eustachio
  5120 | D:6      | Killed Eustachio
  5423 | D:7      | Found a broken altar of Ashenzari.
  5452 | D:7      | Found a glowing golden altar of the Shining One.
  5647 | D:7      | Reached skill level 9 in Axes
  5795 | D:7      | Reached *** piety under Okawaru
  5913 | D:8      | Noticed Joseph
  5921 | D:8      | Killed Joseph
  5922 | D:8      | Reached skill level 5 in Invocations
  6188 | D:8      | Found a white marble altar of Elyvilon.
  6190 | D:8      | Found a hide-covered altar of Uskayaw.
  6216 | D:8      | Found Paezor's Book Emporium.
  6545 | D:9      | Found an ancient bone altar of Kikubaaqudgha.
  6593 | D:9      | Reached XP level 10. HP: 80/86 MP: 14/14
  6614 | D:9      | Identified the +1 helmet of Idealism {rC+ rCorr Int+2}
  6755 | D:9      | Reached skill level 10 in Axes
  6761 | D:9      | Noticed a two-headed ogre
  6763 | D:9      | Reached **** piety under Okawaru
  6775 | D:9      | Killed a two-headed ogre
  6858 | D:9      | Found a staircase to the Lair.
  7237 | D:10     | Entered Level 10 of the Dungeon
  7382 | D:10     | Reached ***** piety under Okawaru
  7455 | D:10     | Reached skill level 11 in Axes
  7808 | D:10     | Received a gift from Okawaru
  7891 | D:10     | Found a portal to a secret trove of treasure.
  8092 | D:11     | Reached XP level 11. HP: 94/94 MP: 16/16
  8103 | D:11     | Noticed a two-headed ogre
  8110 | D:11     | Killed a two-headed ogre
  8181 | D:11     | Noticed Maurice
  8192 | D:11     | Something stole a ring of flight
  8200 | D:11     | Killed Maurice
  8239 | D:11     | Found Gurigh's Antique Armour Shoppe.
  8251 | D:11     | Bought an embroidered cloak for 247 gold pieces
  8282 | D:11     | Found Rifieme's Armour Shop.
  8291 | D:11     | Bought a +1 pair of boots of stealth for 297 gold pieces
  8352 | D:11     | Reached skill level 5 in Dodging
  8566 | D:11     | Found Noyrph's Changing Room.
  8568 | D:11     | Identified the +7 hand axe of Annihilation {venom, ^Fragile
                  | Fly rElec}
  8650 | D:11     | Found Elimm's Book Shop.
  8937 | D:11     | Reached skill level 12 in Axes
  8951 | D:11     | Identified the ring of Wenwi {Wiz Str+7}
  8955 | D:11     | Identified the ring "Dyla" {Fly rC+ Dex+2 SInv}
  8968 | D:11     | Identified the +4 great sword "Wouskac" {freeze, Str+3}
  9242 | D:12     | Received a gift from Okawaru
  9380 | D:12     | Noticed a red ugly thing
  9400 | D:12     | Killed a red ugly thing
  9935 | D:12     | Found a transporter.
  9964 | D:12     | Noticed a two-headed ogre
  9969 | D:12     | Noticed an orc knight
  9983 | D:12     | Found a bloodstained altar of Trog.
  9987 | D:12     | Noticed a two-headed ogre
 10002 | D:12     | Found a transporter.
 10003 | D:12     | Noticed an orc knight
 10003 | D:12     | Noticed t4s4d4r's ghost (journeyman CoFi)
 10009 | D:12     | Noticed a two-headed ogre
 10132 | D:12     | Found a staircase to the Orcish Mines.
 10416 | D:13     | Received a gift from Okawaru
 10566 | D:13     | Reached XP level 12. HP: 104/104 MP: 18/18
 10601 | D:13     | Noticed a boulder beetle
 10616 | D:13     | Killed a boulder beetle
 10617 | D:13     | Reached skill level 13 in Axes
 10863 | D:13     | Noticed a vault guard
 10876 | D:13     | Noticed a vault guard
 10878 | D:13     | Noticed an ironbound frostheart
 10902 | D:13     | Killed a vault guard
 10908 | D:13     | Killed an ironbound frostheart
 10909 | D:13     | Found a gate to the Vaults.
 10924 | D:13     | Killed a vault guard
 11497 | D:14     | Noticed a death knight
 11497 | D:14     | Noticed a tengu warrior
 11809 | D:14     | Noticed a tengu warrior
 11813 | D:14     | Noticed a tengu warrior
 11831 | D:14     | Killed a tengu warrior
 11852 | D:14     | Killed a tengu warrior
 11987 | D:14     | Killed a tengu warrior
 11999 | D:14     | Found a glowing golden altar of the Shining One.
 12090 | D:13     | Killed a death knight
 12090 | D:13     | Received a gift from Okawaru
 12112 | D:14     | Noticed Nessos
 12114 | D:14     | Noticed a tengu warrior
 12119 | D:14     | Killed Nessos
 12120 | D:14     | Reached skill level 14 in Axes
 12138 | D:14     | Killed a tengu warrior
 12262 | D:13     | Reached skill level 10 in Fighting
 12262 | D:13     | Reached skill level 10 in Armour
 12262 | D:13     | Reached skill level 10 in Invocations
 12313 | D:14     | Received a gift from Okawaru
 12553 | D:14     | Reached XP level 13. HP: 54/113 MP: 20/20
 12575 | D:14     | Reached skill level 10 in Shields
 12820 | D:14     | Found a flickering gateway to a bazaar.
 12825 | Bazaar   | Entered a bazaar
 12852 | Bazaar   | Found Fiqyih's General Store.
 12856 | Bazaar   | Bought a scroll of identify for 30 gold pieces
 12868 | Bazaar   | Found Umozeady's Armour Shop.
 12888 | Bazaar   | Found Vereob's Magic Scroll Shoppe.
 12897 | Bazaar   | Found Qimuroaq's Magic Scroll Shop.
 12911 | Bazaar   | Found Zigoplul's Jewellery Emporium.
 13001 | Bazaar   | Bought a scroll of identify for 20 gold pieces
 13001 | Bazaar   | Bought a scroll of revelation for 75 gold pieces
 13001 | Bazaar   | Bought a scroll of identify for 20 gold pieces
 13021 | Bazaar   | Bought a +0 pair of gloves for 58 gold pieces
 13054 | Bazaar   | Bought a scroll of enchant weapon for 97 gold pieces
 13120 | D:15     | Entered Level 15 of the Dungeon
 13192 | D:15     | Noticed Louise
 13245 | D:15     | Killed Louise
 13245 | D:15     | Received a gift from Okawaru
 13413 | D:15     | Reached skill level 15 in Axes
 13971 | Lair:1   | Entered Level 1 of the Lair of Beasts
 14225 | Lair:1   | Received a gift from Okawaru
 14818 | Lair:2   | Found a hole to the Spider Nest.
 14999 | Lair:2   | Reached XP level 14. HP: 84/124 MP: 22/22
 15527 | Lair:2   | Received a gift from Okawaru
 15561 | Lair:2   | Found a staircase to the Swamp.
 15583 | Lair:2   | Reached XP level 15. HP: 134/135 MP: 23/23
 15621 | Lair:2   | Reached skill level 17 in Axes
 15621 | Lair:2   | Reached XP level 16. HP: 143/143 MP: 24/24
 15687 | Lair:3   | Identified the +1 long sword "Killer Bee's Curse" {speed,
                  | rC+ rN+ Int+4}
 15691 | Lair:3   | Noticed Fannar
 15733 | Lair:3   | Killed Fannar
 16146 | Lair:3   | Identified the +8 longbow of the Eggplant {heavy, rPois
                  | rCorr}
 16174 | Lair:3   | Got the Meditations on Thunder
 16556 | Lair:4   | Found a dark tunnel.
 16565 | Volcano  | Entered a volcano
 17024 | Volcano  | Received a gift from Okawaru
 17226 | Lair:4   | Reached skill level 18 in Axes
 17574 | Lair:4   | Noticed Urug
 17585 | Lair:4   | Killed Urug
 17743 | Lair:4   | Found a runed translucent door.
 17744 | Lair:4   | Found a viscous altar of Jiyva.
 17746 | Lair:4   | Found a staircase to the Slime Pits.
 17772 | Lair:4   | Received a gift from Okawaru
 18169 | Lair:5   | Entered Level 5 of the Lair of Beasts
 18322 | Lair:5   | Noticed Sonja
 18342 | Lair:5   | Killed Sonja
 18835 | Lair:5   | Reached ****** piety under Okawaru
 18837 | Lair:5   | Acquired the +8 frozen axe "Frostbite" {freeze, freezing
                  | cloud, *Noise Fly rC+}
 18837 | Lair:5   | Received a gift from Okawaru
 18837 | Lair:5   | Found the +8 frozen axe "Frostbite" {freeze, freezing
                  | cloud, *Noise Fly rC+}
 18839 | Lair:5   | Acquired the scarf of Hopscotch {repulsion, rElec rPois
                  | rN+++ Int-3}
 18839 | Lair:5   | Received a gift from Okawaru
 18904 | Lair:5   | Received a gift from Okawaru
 19619 | Orc:1    | Entered Level 1 of the Orcish Mines
 19737 | Orc:2    | Entered Level 2 of the Orcish Mines
 19831 | Orc:2    | Found a roughly hewn altar of Beogh.
 19914 | Orc:2    | Found a roughly hewn altar of Beogh.
 19978 | Orc:2    | Reached skill level 19 in Axes
 20343 | Orc:2    | Found a roughly hewn altar of Beogh.
 20344 | Orc:2    | Found Udyodirgh's Weapon Shoppe.
 20386 | Orc:2    | Reached XP level 17. HP: 152/152 MP: 26/26
 20411 | Orc:2    | Found a roughly hewn altar of Beogh.
 20473 | Orc:2    | Found a staircase to the Elven Halls.
 20524 | Orc:2    | Found a roughly hewn altar of Beogh.
 20574 | Orc:2    | Received a gift from Okawaru
 20690 | Orc:2    | Found a roughly hewn altar of Beogh.
 20756 | Orc:2    | Found a roughly hewn altar of Beogh.
 20771 | Orc:2    | Found Felotam's Weapon Emporium.
 20816 | Orc:2    | Noticed Saint Roka
 21028 | Orc:2    | Killed Saint Roka
 21180 | Orc:2    | Found a roughly hewn altar of Beogh.
 21180 | Orc:2    | Found Xeotovvu's Antique Weapon Shoppe.
 21181 | Orc:2    | Found Bunwot's Antique Armour Emporium.
 21415 | D:8      | Bought a manual of Armour for 1120 gold pieces
 21629 | Elf:1    | Entered Level 1 of the Elven Halls
 22398 | Elf:1    | Paralysed by an air elemental for 1 turns
 22434 | Elf:1    | Received a gift from Okawaru
 22565 | Elf:1    | Found Xel Jaot's Weapon Shoppe.
 23148 | Elf:2    | Reached skill level 20 in Axes
 23163 | Elf:2    | Received a gift from Okawaru
 23257 | Elf:2    | Found Epuik's Book Emporium.
 23258 | Elf:2    | Found Wetev's Armour Shoppe.
 23258 | Elf:2    | Found Wohak's Antique Weapon Emporium.
 23278 | Abyss:2  | Cast into level 2 of the Abyss (a deep elf sorcerer)
 23398 | Abyss:2  | Gained mutation: You sometimes lose your temper in combat.
                  | [a neqoxec]
 23426 | Abyss:2  | Found a corrupted altar of Lugonu.
 23627 | Abyss:2  | Found a corrupted altar of Lugonu.
 23683 | Abyss:2  | Found a corrupted altar of Lugonu.
 23716 | Abyss:2  | Noticed a bone dragon
 23734 | Abyss:2  | Killed a bone dragon
 23776 | Abyss:2  | Noticed a lich
 23787 | Abyss:2  | Killed a lich
 23788 | Abyss:2  | Noticed a hellephant
 23804 | Abyss:2  | Killed from afar by a hellephant

Illustrated notes

Levels and vault maps discovered:
D:1:      scummos_arrival_hexagon, layout_rooms
D:2:      layout_loops_ring, shapermc_ecumenical_altar_flowoftime,
          minmay_misc_feat_nine_boxes, dreamdust_mushroom_princess,
          kennysheep_generic_room_9, uniq_crazy_yiuf_cottage
D:3:      layout_basic, mainiacjoe_overflow_small_starburst,
          minmay_misc_feat_room, kennysheep_flooded_box, uniq_jessica
D:4:      layout_layer_cave, minmay_temple_entry_gardened_gates,
          lightli_ossuary_entry_decrepit_ruins
D:5:      layout_basic, uniq_menkaure
D:6:      layout_rooms, uniq_jeremiah, uniq_eustachio
D:7:      layout_loops_ring, nicolae_overflow_squiral
D:8:      layout_cave_pools, nicolae_overflow_hidden_temple, serial_shops,
          kennysheep_little_box, roderic_lattice_a, uniq_joseph
D:9:      layout_small_grid, marbit_many_paths, erik_lair_orcish_takeover
D:10:     layout_roguey, nicolae_trove_entry_path_of_doom, minivault_1
D:11:     statuecave_lemuel, layout_irregular_city, serial_shops,
          nicolae_lakefront_shop, nicolae_shop_overgrown_old_shop,
          nicolae_shop_hallway_plus, nicolae_transmutations_shop, uniq_maurice
D:12:     layout_loops_ring, david_orc_4, gammafunk_ghost_wrathful_warriors
D:13:     layout_irregular_city, hellmonk_vaults_keyhole,
          minmay_protected_statue
D:14:     layout_basic, serial_shops, bzr_entry_road, tso_altar, uniq_nessos
D:15:     hangedman_depths_entry_try_elsewhere_first, layout_loops_corners,
          yredelemnul_altar_generic, serial_shops, shop, item_on_display_b,
          uniq_louise
Temple:   lightli_temple_of_artemis
Lair:1:   layout_roguey, nicolae_quartered_pool_super
Lair:2:   nzn_winding_woodlands_medium [nzn_winding_woodlands_5x5_closed_star,
          nzn_winding_woodlands_5x15_eye,
          nzn_winding_woodlands_5x5_checkerboard,
          nzn_winding_woodlands_5x5_default,
          nzn_winding_woodlands_center_garden,
          nzn_winding_woodlands_5x5_default, nzn_winding_woodlands_5x5_three,
          nzn_winding_woodlands_5x15_garden, nzn_winding_woodlands_5x5_default],
          layout_regular_city, nicolae_swamp_entry_splash_gauntlet,
          nicolae_spider_entry_orb_guardian
Lair:3:   layout_small_grid, serial_rivers, chequers_serial_rivers_large_b,
          chequers_serial_rivers_small_a, chequers_serial_rivers_micro_a,
          chequers_serial_rivers_micro_a, chequers_serial_rivers_marsh,
          chequers_serial_rivers_marsh, uniq_fannar
Lair:4:   layout_regular_city, slime_entry_2, lightli_volcano_entry_magma_tube,
          grunt_megastairs_1, uniq_urug
Lair:5:   grunt_lair_end_beastmaster, layout_hall_layers, lemuel_fruit_fields,
          grunt_megastairs_5, lemuel_fruit_tree, infiniplex_staircase_pool,
          uniq_sonja
Orc:1:    layout_caves
Orc:2:    grunt_orc_community_town_hall, layout_diamond_mine,
          grunt_orc_community_big_house_1, grunt_orc_community_big_house_2,
          grunt_orc_community_house_2, grunt_orc_community_house_2,
          grunt_orc_community_house_3, grunt_orc_community_house_2,
          grunt_orc_community_house_2, grunt_orc_community_house_1
Elf:1:    eino_elf_arrival_customs, layout_loops_cross, serial_shops, shop,
          guppyfry_library_mini
Elf:2:    nicolae_elf_blades_splatter_lattice [nicolae_blade_entry_pointy_end],
          layout_geoelf_grid, special_room [special_room_orc], minmay_shoptagon
Abyss:2:  base: Lair:3, gammafunk_abyss_exit_x_factor

Skill      XL: |  1  2  3  4  5  6  7  8  9 10 11 12 13 14 15 16 17 |
---------------+----------------------------------------------------+-----
Axes           | 3 4 5 6 8 9 11 12 14 15 17 19 20 | 20.3
Dodging        | 1 2 3 4 5 6 7 8 |  8.9
Fighting       | 4 5 6 7 8 9 10 11 13 14 | 14.9
Armour         | 4 5 6 7 8 9 10 11 12 14 | 14.2
Shields        | 4 5 6 7 8 9 10 12 13 | 13.1
Invocations    | 1 3 5 7 8 10 11 13 14 | 14.2

Action                     |  1- 3 |  4- 6 |  7- 9 | 10-12 | 13-15 | 16-18 || total
---------------------------+-------+-------+-------+-------+-------+-------++-------
  Melee: War axe           |   100 |   199 |    53 |   114 |       |       ||   466
         Flail             |       |       |   275 |    83 |       |     8 ||   366
         Hand axe          |       |       |       |   555 |   546 |   524 ||  1625
         Broad axe         |       |       |       |       |       |   764 ||   764
 Invoke: Heroism           |       |       |     1 |     8 |     3 |     5 ||    17
         Finesse           |       |       |       |     1 |     1 |       ||     2
         Receive Weapon    |       |       |       |       |       |     1 ||     1
         Receive Armour    |       |       |       |       |       |     1 ||     1
  Evoke: Wand              |       |       |       |     3 |    11 |     1 ||    15
         Phial of floods   |       |       |       |       |       |     1 ||     1
    Use: Scroll            |     3 |       |    13 |     7 |     6 |     7 ||    36
         Potion            |     3 |       |     2 |     1 |     6 |       ||    12
   Stab: Paralysed         |       |       |       |     4 |     4 |       ||     8
         Petrified         |       |       |       |       |       |     2 ||     2
 Armour: Scale mail        |    83 |     2 |       |       |       |       ||    85
         Plate armour      |       |   245 |   410 |   686 |   264 |   785 ||  2390
  Dodge: Dodged            |    47 |    47 |   104 |   355 |   182 |   556 ||  1291
         Repelled          |       |       |       |       |       |    43 ||    43
  Block: Buckler           |    23 |    48 |    84 |   241 |   116 |   142 ||   654
         Kite shield       |       |       |       |       |       |   371 ||   371

Table legend: (Time is in decaauts)
 A = Elapsed time spent in this place.
 B = Non-inter-level travel time spent in this place.
 C = Inter-level travel time spent in this place.
 D = Time resting spent in this place.
 E = Time spent auto-exploring this place.
 F = Levels seen in this place.
 G = Mean time per level.
                   A        B        C        D        E       F      G
               +--------+--------+--------+--------+--------+-----+--------+
         Total |  23258 |  21729 |   1529 |   3176 |  12729 |  29 |  802.0 |
       Dungeon |  13688 |  12558 |   1130 |   1733 |   7947 |  15 |  912.5 |
        Temple |     40 |     21 |     19 |      0 |      0 |   1 |   40.0 |
          Lair |   4671 |   4444 |    227 |    465 |   2845 |   5 |  934.2 |
  Orcish Mines |   1602 |   1490 |    112 |    178 |    893 |   2 |  801.0 |
   Elven Halls |   1579 |   1540 |     39 |    440 |    639 |   2 |  789.5 |
         Abyss |    519 |    519 |      0 |    125 |    135 |   1 |  519.0 |
        Bazaar |    272 |    272 |      0 |      0 |    122 |   1 |  272.0 |
       Ossuary |    361 |    361 |      0 |      2 |    109 |   1 |  361.0 |
       Volcano |    521 |    521 |      0 |    231 |     39 |   1 |  521.0 |
               +--------+--------+--------+--------+--------+-----+--------+

Top non-repeatable levels by time:
    D:13: 1460 daAuts
   Elf:1: 1392 daAuts
    D:12: 1386 daAuts
  Lair:4: 1286 daAuts
    D:11: 1147 daAuts
     D:4: 1068 daAuts
     D:2: 1067 daAuts
   Orc:2: 1059 daAuts
    D:14: 979 daAuts
  Lair:5: 972 daAuts
    D:10: 959 daAuts
  Lair:2: 952 daAuts
     D:5: 898 daAuts
     D:3: 878 daAuts
     D:9: 775 daAuts
